 Dungeon Crawl Stone Soup version 0.16-a0-4020-g6ff35b5 (console) character file.

2389 nht the Bludgeoner (level 9, 0/84 HPs)
             Began as an Ogre Berserker on Feb 17, 2015.
             Was a High Priest of Trog.
             Slain by a hippogriff (3 damage)
             ... on level 7 of the Dungeon.
             The game lasted 00:09:18 (5417 turns).

nht the Bludgeoner (Ogre Berserker)                 Turns: 5417, Time: 00:09:18

Health: 0/84       AC:  3    Str: 27    XL:     9   Next: 46%
Magic:  9/9        EV: 10    Int:  4    God:    Trog [*****.]
Gold:   327        SH:  0    Dex:  9    Spells: 0 memorised, 8 levels left

rFire  . . .     SeeInvis .     a - +0 giant spiked club
rCold  . . .     Clarity  .     b - +0 animal skin
rNeg   . . .     SustAb   .     (shield restricted)
rPois  +         Gourm    .     (helmet restricted)
rElec  .         Spirit   .     (no cloak)
rCorr  .         Warding  .     (gloves unavailable)
rMut   .         Stasis   .     (boots unavailable)
MR     .....                    (no amulet)
Stlth  +.........               p - ring of poison resistance
                                f - -2 ring of intelligence

@: not resistant to hostile enchantments, very unstealthy
A: unfitting armour, tough skin 1
a: Burn Spellbooks, Berserk, Trog's Hand, Brothers in Arms, Renounce Religion


You were on level 7 of the Dungeon.
You worshipped Trog.
Trog was extremely pleased with you.
You were near starving.

You visited 1 branch of the dungeon, and saw 7 of its levels.

You collected 327 gold pieces.

Inventory:

Hand weapons
 a - a +0 giant spiked club (weapon)
Missiles
 x - 2 tomahawks (quivered)
Armour
 b - a +0 animal skin (worn)
Jewellery
 f - a -2 ring of intelligence (left hand)
 k - a +4 ring of dexterity {unknown}
 n - an uncursed ring of flight
 p - a ring of poison resistance (right hand)
 t - an uncursed amulet of faith {unknown}
Magical devices
 d - a wand of fire (7)
 q - a wand of flame (10)
 u - a wand of fire (10)
 v - a wand of digging (15)
 w - a wand of fireball (4)
Scrolls
 g - 7 scrolls of remove curse
 h - 10 scrolls of identify
 j - a scroll of fear
 l - 3 scrolls of fog {unknown}
 m - a scroll of blinking {unknown}
 o - 3 scrolls of immolation {unknown}
 r - 2 scrolls of enchant weapon
 s - a scroll of enchant armour {unknown}
 y - a scroll of teleportation
Potions
 e - 3 potions of curing
 z - 2 potions of heal wounds
 A - a potion of flight {unknown}
Comestibles
 c - 5 meat rations
 i - 3 slices of pizza
 B - a fruit
 C - a beef jerky


   Skills:
 - Level 4.0 Fighting
 + Level 15.5 Maces & Flails
 - Level 1.5 Armour
 - Level 1.7 Dodging


You had 8 spell levels left.
You didn't know any spells.

Dungeon Overview and Level Annotations

Branches:
Dungeon (7/15)             Temple (0/1) D:6

Altars:
Ashenzari
Cheibriados
Dithmenos
Elyvilon
Fedhas
Kikubaaqudgha
Makhleb
Sif Muna
Vehumet
Xom


Innate Abilities, Weirdness & Mutations

You are too large for most types of armour.
You have tough skin (AC +1).


Message History

The hippogriff claws you.
* * * LOW HITPOINT WARNING * * *
You sock the centaur!
The centaur is almost dead.
The centaur hits you.
* * * LOW HITPOINT WARNING * * *
The centaur hits you!
* * * LOW HITPOINT WARNING * * *
The hippogriff barely misses you. The hippogriff misses you.
The hippogriff closely misses you.
Use which ability? (? or * to list) You're too hungry to go berserk.
You hit the centaur.
The centaur is almost dead.
The centaur hits you.
* * * LOW HITPOINT WARNING * * *
The hippogriff barely misses you. The hippogriff pecks you!
* * * LOW HITPOINT WARNING * * *
The hippogriff claws you.
You die...

.█>...███.███.█
....█.........█
███████.█.███.█ █.█.███.█
. █.█.....█ █.█ █
█.████..█ █...█ ██ █.█
█..█ █.....█ .██
█.████.<█ ....... ..██
█.......█ .......
...████...██.████H......█
...+.....(..(((.@c.......
...█.██....█.██████.....█
..██ ██.....█ █.█ .██
█.█.███ ██ █.█. █ █ █


You could see a hippogriff and a centaur.

Vanquished Creatures
  Grinder (D:6)
  A yak (D:6)
  Eustachio (D:5)
  A sky beast (D:6)
  2 black bears (D:6)
  4 ogres
  An orc warrior (D:3)
  A centaur (D:4)
  Blork the orc (D:6)
  3 giant frogs (D:6)
  2 scorpions
  2 goliath beetles (D:6)
  2 crimson imps
  A giant frog zombie (D:5)
  A centaur skeleton (D:7)
  2 orc priests (D:3)
  5 worker ants
  An iguana (D:5)
  4 hounds
  4 orc wizards
  A hound skeleton (D:4)
  3 adders
  A giant mite (D:5)
  4 worms
  5 giant geckos
  15 orcs
  A ball python (D:6)
  15 bats
  A bat zombie (D:5)
  4 giant cockroaches
  15 goblins
  7 hobgoblins
  4 jackals
  12 kobolds
  3 quokkas
  8 giant newts
  A giant spore (D:6)
  A jackal skeleton (D:6)
  A jackal zombie (D:6)
  11 rats
  3 ballistomycetes (D:6)
156 creatures vanquished.

Vanquished Creatures (collateral kills)
  A kobold (D:6)
1 creature vanquished.

Vanquished Creatures (others)
  An orc warrior (D:6)
  An ogre (D:6)
  A hound (D:6)
  A crimson imp (D:6)
  2 worker ants (D:6)
  A goblin (D:6)
  A bat (D:6)
  A giant gecko zombie (D:6)
  2 rats (D:6)
11 creatures vanquished.

Grand Total: 168 creatures vanquished

Notes
Turn   | Place    | Note
--------------------------------------------------------------
     0 | D:1      | nht, the Ogre Berserker, began the quest for the Orb.
     0 | D:1      | Reached XP level 1. HP: 24/24 MP: 1/1
   107 | D:1      | Reached XP level 2. HP: 20/32 MP: 2/2
   279 | D:1      | Reached skill level 5 in Maces & Flails
   545 | D:1      | Reached XP level 3. HP: 34/39 MP: 3/3
   804 | D:2      | Acquired Trog's second power
   859 | D:2      | Found a deep blue altar of Sif Muna.
   910 | D:2      | Found a burning altar of Makhleb.
   924 | D:2      | Found a shadowy altar of Dithmenos.
   932 | D:2      | Reached skill level 6 in Maces & Flails
  1138 | D:2      | Noticed a green death
  1141 | D:2      | Noticed a smoke demon
  1141 | D:2      | Noticed an orange demon
  1381 | D:3      | Reached XP level 4. HP: 46/48 MP: 4/4
  1456 | D:3      | Found a white marble altar of Elyvilon.
  1459 | D:3      | Found a radiant altar of Vehumet.
  1466 | D:3      | Found a snail-covered altar of Cheibriados.
  1560 | D:3      | Reached skill level 7 in Maces & Flails
  1871 | D:3      | Reached XP level 5. HP: 54/54 MP: 5/5
  1952 | D:3      | Noticed an orc warrior
  1962 | D:3      | Killed an orc warrior
  1962 | D:3      | Reached skill level 8 in Maces & Flails
  1962 | D:3      | Reached XP level 6. HP: 37/62 MP: 6/6
  1964 | D:3      | Reached skill level 9 in Maces & Flails
  2113 | D:3      | Found a snail-covered altar of Cheibriados.
  2146 | D:3      | Found a blossoming altar of Fedhas.
  2191 | D:4      | Found an ancient bone altar of Kikubaaqudgha.
  2296 | D:4      | Found a shattered altar of Ashenzari.
  2361 | D:4      | Noticed a centaur
  2632 | D:4      | Killed a centaur
  2632 | D:4      | Reached skill level 10 in Maces & Flails
  2632 | D:4      | Reached XP level 7. HP: 64/70 MP: 7/7
  2824 | D:5      | Entered Level 5 of the Dungeon
  3006 | D:5      | Noticed Eustachio
  3012 | D:5      | Reached skill level 11 in Maces & Flails
  3036 | D:5      | Acquired Trog's third power
  3462 | D:5      | Killed Eustachio
  3834 | D:5      | Reached XP level 8. HP: 72/78 MP: 8/8
  3998 | D:6      | Reached skill level 12 in Maces & Flails
  4043 | D:6      | Noticed Grinder
  4043 | D:6      | Paralysed by Grinder for 2 turns
  4081 | D:6      | Reached skill level 13 in Maces & Flails
  4092 | D:6      | Killed Grinder
  4330 | D:6      | Reached skill level 14 in Maces & Flails
  4406 | D:6      | Found a shimmering altar of Xom.
  4575 | D:6      | Reached XP level 9. HP: 66/84 MP: 9/9
  4581 | D:6      | Noticed Blork the orc
  4584 | D:6      | Killed Blork the orc
  4629 | D:6      | Found a staircase to the Ecumenical Temple.
  4785 | D:6      | Reached skill level 15 in Maces & Flails
  5417 | D:7      | HP: 3/84 [hippogriff (7)]
  5417 | D:7      | Slain by a hippogriff

Action                   |  1- 3 |  4- 6 |  7- 9 || total
-------------------------+-------+-------+-------++-------
Melee: Mace              |   114 |   110 |   195 ||   419
       Giant spiked club |       |       |    63 ||    63
Throw: Tomahawk          |       |       |     3 ||     3
Invok: Berserk           |     1 |     3 |     8 ||    12
       Burn Spellbooks   |       |     1 |       ||     1
       Trog's Hand       |       |       |     2 ||     2
       Brothers in Arms  |       |       |     1 ||     1
  Use: Potion            |       |     7 |     1 ||     8
       Scroll            |       |     7 |       ||     7
  Eat: Chunk             |     1 |     3 |    13 ||    17
       Fruit             |       |     2 |     3 ||     5
       Bread ration      |       |     1 |       ||     1
